 Dungeon Crawl Stone Soup version 0.25.1-9-gc5326a611f (webtiles) character file.

Game seed: 3606811446184331300

245 tkbsonic5 the Skirmisher (level 6, -3/52 HPs)
             Began as a Human Berserker on Nov 27, 2021.
             Was a Priest of Trog.
             Slain by an ogre
             ... wielding a cursed -2 giant club
              (24 damage)
             ... on level 4 of the Dungeon.
             The game lasted 00:10:10 (3898 turns).

tkbsonic5 the Skirmisher (Human Berserker)          Turns: 3898, Time: 00:10:11

Health: -3/52      AC:  9    Str: 20    XL:     6   Next: 32%
Magic:  6/6        EV:  8    Int: 13    God:    Trog [***...]
Gold:   205        SH:  5    Dex: 12    Spells: 5/5 levels left

rFire    + . .     SeeInvis .   d - +8 war axe "Zyent" {venom, rF+ MR- Int+6}
rCold    . . .     Gourm    .   (no shield)
rNeg     + . .     Faith    .   q - +0 chain mail
rPois    .         Spirit   .   (no helmet)
rElec    .         Reflect  +   j - +0 cloak
rCorr    .         Harm     .   (no gloves)
MR       .....                  (no boots)
Stlth    ..........             i - amulet of reflection
HPRegen  0.17/turn              h - ring of positive energy
MPRegen  0.10/turn              t - ring of flight

@: no status effects
A: no striking features
a: Berserk, Trog's Hand, Renounce Religion, Evoke Flight


You were on level 4 of the Dungeon.
You worshipped Trog.
Trog was most pleased with you.
You were not hungry.

You visited 1 branch of the dungeon, and saw 4 of its levels.

You collected 205 gold pieces.

Inventory:

Hand Weapons
 a - a +0 short sword
 d - the +8 war axe "Zyent" (weapon) {venom, rF+ MR- Int+6}
   (You found it on level 4 of the Dungeon)

   It poisons the flesh of those it strikes.
   It affects your intelligence (+6).
   It protects you from fire.
   It affects your resistance to hostile enchantments.
 l - a +1 spear
Missiles
 s - 18 arrows
 v - 6 javelins (quivered)
Armour
 j - a +0 cloak (worn)
 q - a +0 chain mail (worn)
Jewellery
 h - a ring of positive energy (left hand)
 i - an amulet of reflection (around neck)
 t - a ring of flight (right hand)
Scrolls
 n - 3 scrolls of remove curse
Potions
 e - 3 potions of heal wounds
 g - a potion of lignification {unknown}
 k - 2 potions of curing
 r - a potion of might {unknown}
 u - a potion of invisibility {unknown}
Comestibles
 b - a chunk of flesh
 c - 7 rations


   Skills:
 + Level 6.2 Fighting
 - Level 3.0 Short Blades
 * Level 2.0 Axes
 - Level 2.0 Armour
 - Level 2.0 Dodging


You had 5 spell levels left.
You didn't know any spells.
Your spell library was empty.

Dungeon Overview and Level Annotations

Branches:
Dungeon (4/15)
 Temple: D:4-7

Altars:
Cheibriados
Dithmenos
Gozag
Kikubaaqudgha
Nemelex Xobeh
Okawaru
Uskayaw
Xom
Zin


Message History

Things that are here:
a +0 giant spiked club; an ogre skeleton Eat one of 2 chunks of flesh? (ye/n/q)
You eat one of the 2 chunks of flesh.
This raw flesh tastes terrible.
HP restored.
Your amulet attunes itself to your body.
You feel a shielding aura gather around you.
An ogre comes into view. It is wielding a -2 giant club.
The ogre shouts!
You see here 12 gold pieces.
You now have 205 gold pieces (gained 12).
You closely miss the ogre.
The ogre hits you with a cursed -2 giant club!!
You slash the ogre!
The ogre looks as sick as possible!
The ogre is moderately wounded.
The ogre hits you with a cursed -2 giant club!
The ogre barely misses you.
You closely miss the ogre.
The ogre is heavily wounded.
The ogre hits you with a cursed -2 giant club!!
You die...

.....######.#...[...#
....[.........).....###.
............#...........#
###.........#.......####.
#.#########...........
#.. ####......##### #...
#.............# #....
#.............# #.....
#....##@......#
#.######.... #.O...).#
#.. ...... #.......#
...... #.......# .....
#.......# .... #.......#
#########


You could see an ogre (extremely poisoned).

Vanquished Creatures
  An ogre (D:4)
  An orc wizard (D:3)
  4 adders
  An adder skeleton (D:4)
  A worm (D:2)
  A dart slug (D:4)
  5 leopard geckos
  4 orcs (D:3)
  A ball python (D:3)
  8 giant cockroaches
  5 goblins
  7 hobgoblins
  8 jackals
  3 quokkas (D:3)
  11 bats
  5 frilled lizards
  7 kobolds
  11 rats
84 creatures vanquished.

Notes
Turn   | Place    | Note
-------+----------+-------------------------------------------
     0 | D:1      | tkbsonic5 the Human Berserker began the quest for the Orb.
     0 | D:1      | Reached XP level 1. HP: 18/18 MP: 1/1
    33 | D:1      | Reached XP level 2. HP: 11/24 MP: 2/2
   927 | D:1      | Reached skill level 4 in Fighting
   927 | D:1      | Reached XP level 3. HP: 17/30 MP: 3/3
  1377 | D:2      | Found a snail-covered altar of Cheibriados.
  1379 | D:2      | Found an ancient bone altar of Kikubaaqudgha.
  1388 | D:2      | Reached ** piety under Trog
  1608 | D:2      | Found a hide-covered altar of Uskayaw.
  1737 | D:2      | Reached XP level 4. HP: 34/38 MP: 4/4
  2383 | D:2      | Found a sparkling altar of Nemelex Xobeh.
  2425 | D:2      | Found a shimmering altar of Xom.
  2693 | D:2      | Found a shadowy altar of Dithmenos.
  2696 | D:2      | Found an iron altar of Okawaru.
  2699 | D:2      | Found a glowing silver altar of Zin.
  2898 | D:3      | Reached skill level 5 in Fighting
  2942 | D:3      | Found an opulent altar of Gozag.
  3019 | D:3      | Found a glowing drain.
  3330 | D:3      | Reached XP level 5. HP: 44/44 MP: 5/5
  3704 | D:4      | Reached skill level 6 in Fighting
  3754 | D:4      | Noticed an ogre
  3755 | D:4      | Got a bloodstained war axe
  3756 | D:4      | Identified the +8 war axe "Zyent" {venom, rF+ MR- Int+6}
                  | (You found it on level 4 of the Dungeon)
  3760 | D:4      | Killed an ogre
  3760 | D:4      | Reached skill level 1 in Axes
  3760 | D:4      | Reached XP level 6. HP: 34/52 MP: 6/6
  3763 | D:4      | Reached *** piety under Trog
  3891 | D:4      | Noticed an ogre
  3898 | D:4      | Slain by an ogre

Illustrated notes

Levels and vault maps discovered:
D:1:      dpeg_arrival_ratfight, layout_basic, hangedman_abyss_or_decor_stabs,
          minmay_bisected
D:2:      layout_loops_cross, grunt_temple_overflow_open,
          nemelex_xobeh_ov_fountains_minmay, lemuel_round_altar,
          nicolae_overflow_crystal_walls, grunt_temple_overflow_diamond,
          serial_co_window_serial, co_window_corner_a, co_window_paths_b,
          co_window_paths_a, co_window_corner_a, co_window_corner_a,
          co_window_of_opportunity_a, co_window_corner_a, co_window_paths_a,
          co_window_paths_b, co_window_corner_cb, co_window_paths_c,
          co_window_broadway_c, co_window_4corner_a
D:3:      layout_basic, nicolae_gozag_seed_capital, portal_sewer_entry_f,
          first_ration
D:4:      layout_basic

Skill      XL: |  1  2  3  4  5  6 |
---------------+-------------------+-----
Fighting       | 4 5 6 |  6.2
Axes           | 1 2 |  2.0
Short Blades   | |  3.0
Armour         | |  2.0
Dodging        | |  2.0

Action                   |  1- 3 |  4- 6 || total
-------------------------+-------+-------++-------
Melee: Short sword       |    44 |       ||    44
       Spear             |   114 |   212 ||   326
       War axe           |       |     9 ||     9
Throw: Javelin           |       |     1 ||     1
Invok: Berserk           |     1 |     1 ||     2
  Use: Scroll            |     4 |     6 ||    10
  Eat: Chunk             |     4 |     8 ||    12
Armor: Animal skin       |     9 |       ||     9
       Scale mail        |    74 |    33 ||   107
       Chain mail        |       |   110 ||   110
Dodge: Dodged            |   114 |   110 ||   224
